 Dungeon Crawl Stone Soup version 0.25.1-2-g60ff931df9 (webtiles) character file.

Game seed: 4247062506933561229

226 mandarbmax the Archer (level 5, -3/41 HPs)
             Began as a Centaur Hunter on Oct 24, 2020.
             Was an Initiate of Okawaru.
             Slain by Pikel
             ... wielding a +2 whip of electrocution
              (18 damage)
             ... on level 6 of the Dungeon.
             The game lasted 00:10:24 (4827 turns).

mandarbmax the Archer (Centaur Hunter)              Turns: 4827, Time: 00:10:25

Health: -3/41      AC: 11    Str: 14    XL:     5   Next: 69%
Magic:  5/5        EV:  0    Int: 10    God:    Okawaru [......]
Gold:   8          SH:  0    Dex: 11    Spells: 4/4 levels left

rFire    + . .     SeeInvis .   a - +1 shortbow
rCold    + . .     Gourm    .   (shield currently unavailable)
rNeg     . . .     Faith    .   p - +1 gold dragon scales
rPois    +         Spirit   .   (no helmet)
rElec    .         Reflect  .   (no cloak)
rCorr    .         Harm     .   (no gloves)
MR       .....                  (no barding)
Stlth    ..........             (no amulet)
HPRegen  0.13/turn              (no ring)
MPRegen  0.09/turn              (no ring)

@: held, very quick
A: large, hooves 3, deformed body, speed 2, tough skin 3
a: Renounce Religion


You were on level 6 of the Dungeon.
You worshipped Okawaru.
Okawaru was noncommittal.
You were hungry.

You visited 1 branch of the dungeon, and saw 4 of its levels.
You also visited: Sewer.

You collected 112 gold pieces.
You spent 104 gold pieces at shops.

Inventory:

Hand Weapons
 a - a +1 shortbow (weapon)
 b - a +0 short sword
Missiles
 d - 44 arrows (quivered)
 h - 5 poisoned darts
Armour
 p - +1 gold dragon scales (worn)
Wands
 m - a wand of iceblast (4)
Scrolls
 e - 2 scrolls of teleportation
 j - a scroll of blinking
 s - a scroll of immolation
Potions
 i - 2 potions of curing
 k - 2 potions of heal wounds
 q - 4 potions of flight
 r - 2 potions of haste
Comestibles
 f - 2 rations


   Skills:
 - Level 2.0 Fighting
 + Level 8.0 Bows
 + Level 1.9 Armour
 - Level 2.0 Dodging
 - Level 0.4 Stealth


You had 4 spell levels left.
You didn't know any spells.
Your spell library was empty.

Dungeon Overview and Level Annotations

Branches:
Dungeon (3/15)              Sewer (visited)

Altars:
Cheibriados
Elyvilon
Gozag
Okawaru
Ru
Sif Muna
Uskayaw
Xom
The Shining One

Shops:
D:6 *

Annotations:
D:2 Grinder
D:3 Ijyb
D:6 Pikel


Innate Abilities, Weirdness & Mutations

You have hooves in place of feet.
Armour fits poorly on your strangely shaped body.
You cover ground very quickly.
You have extremely tough skin. (AC +3)


Message History

The mass of ice explodes!
The iceblast engulfs Pikel.
Pikel is almost dead.
You hear a shout! x2
A gnoll comes into view. It is wielding a +0 club.
Firing (i - inventory. (/) - cycle)
d - 45 arrows (quivered)
Press: ? - help, Shift-Dir - straight line, f/p - Pikel
Aim: Pikel, wielding a +2 whip of electrocution and wearing a cursed -1 robe (almost dead)
You shoot an arrow. The arrow closely misses Pikel.
The arrow hits the slave but does no damage.
The gnoll throws a throwing net.
The throwing net hits you.
You become entangled in the net!
Pikel says, "Why not give up?
You'll get fed.
Maybe."
Pikel hits you with a +2 whip of electrocution.
You struggle against the net.
Pikel hits you with a +2 whip of electrocution.
You are electrocuted!
You struggle against the net.
The slave hits you but does no damage.
Pikel hits you with a +2 whip of electrocution.
You are electrocuted!!
You die...

..# ..# .. ..# ...
..########### ..(#
............########(..#
...................(...#
.......(.........p((...#
................(K....#
..###...........@p...(#
......................#
........................
.......................#
.......................#
.....................g.#
......####..............
......# #........?...##
......# ############.


You could see Pikel, 2 slaves and a gnoll.

Vanquished Creatures
  2 slaves (D:6)
  A big kobold (Sewer)
  A bullfrog skeleton (D:6)
  A worker ant (D:6)
  3 adders (D:2)
  2 river rats (Sewer)
  2 worms (D:2)
  2 dart slugs
  2 leopard geckos (D:2)
  9 bats
  2 giant cockroaches
  8 goblins
  5 hobgoblins
  2 jackals (Sewer)
  A quokka (D:2)
  A ball python (D:1)
  2 frilled lizards
  9 kobolds
  A quokka skeleton (D:6)
  11 rats
67 creatures vanquished.

Notes
Turn   | Place    | Note
-------+----------+-------------------------------------------
     0 | D:1      | mandarbmax the Centaur Hunter began the quest for the Orb.
     0 | D:1      | Reached XP level 1. HP: 17/17 MP: 1/1
   159 | D:1      | Reached XP level 2. HP: 24/24 MP: 2/2
   995 | D:2      | Reached skill level 6 in Bows
  1237 | D:2      | Reached XP level 3. HP: 17/29 MP: 3/3
  1440 | D:2      | Found a shimmering altar of Xom.
  1441 | D:2      | Found a sacrificial altar of Ru.
  1441 | D:2      | Found a hide-covered altar of Uskayaw.
  1441 | D:2      | Found a glowing golden altar of the Shining One.
  1441 | D:2      | Found an opulent altar of Gozag.
  2017 | D:2      | Found a snail-covered altar of Cheibriados.
  2018 | D:2      | Found a shimmering blue altar of Sif Muna.
  2360 | D:2      | Found an iron altar of Okawaru.
  2387 | D:2      | Became a worshipper of Warmaster Okawaru
  2473 | D:2      | Reached skill level 7 in Bows
  2480 | D:2      | Reached XP level 4. HP: 25/36 MP: 4/4
  2935 | D:3      | Noticed Grinder
  2942 | D:3      | Paralysed by Grinder for 6 turns
  3011 | D:3      | Noticed Ijyb
  3263 | D:3      | Paralysed by Grinder for 6 turns
  3498 | D:3      | Found a glowing drain.
  3509 | Sewer    | Entered a sewer
  3910 | Sewer    | Noticed a big kobold
  3957 | Sewer    | Killed a big kobold
  3957 | Sewer    | Reached skill level 1 in Armour
  3957 | Sewer    | Reached XP level 5. HP: 20/41 MP: 5/5
  4205 | Sewer    | Found a glowing silver altar of Zin.
  4289 | D:3      | Found a white marble altar of Elyvilon.
  4311 | D:3      | You fall into a shaft and drop 3 floors!
  4319 | D:6      | Found Oblue's Assorted Antiques.
  4606 | D:6      | Reached skill level 8 in Bows
  4634 | D:6      | Bought a scroll labeled PIHEIS QAPTOPTIRE for 26 gold
                  | pieces
  4634 | D:6      | Bought a scroll labeled QUTONGIAN for 26 gold pieces
  4634 | D:6      | Bought a scroll labeled KETUPO WOTEOH for 26 gold pieces
  4634 | D:6      | Bought a scroll labeled ABRIED VUNOEN for 26 gold pieces
  4692 | D:6      | Noticed a slave
  4733 | D:6      | Killed a slave
  4819 | D:6      | Noticed Pikel
  4819 | D:6      | Noticed a slave
  4819 | D:6      | Noticed a slave
  4821 | D:6      | Noticed a slave
  4823 | D:6      | Killed a slave
  4827 | D:6      | Slain by Pikel

Illustrated notes

Levels and vault maps discovered:
D:1:      dpeg_arrival_solitude, layout_basic
D:2:      layout_rooms, grunt_temple_overflow_open, okawaru_gym_becter
D:3:      layout_rooms, cheibrodos_sewer_entry_drain, mrwooster_statue_mirror,
          hangedman_decor_clover_reticule, elyvilon_altar_5, uniq_grinder,
          uniq_ijyb
D:6:      layout_basic, serial_shops, nicolae_shop_waterfront,
          nicolae_shop_window_shopping, shop_statue, serial_glass,
          glass_columns_b, glass_columns_a, glass_columns_a, uniq_pikel

Skill      XL: |  1  2  3  4  5 |
---------------+----------------+-----
Dodging        | 2 |  2.0
Bows           | 6 7 8 |  8.0
Armour         | 1 |  1.9
Fighting       | |  2.0
Stealth        | |  0.4

Action                   |  1- 3 |  4- 6 || total
-------------------------+-------+-------++-------
Melee: Short sword       |    77 |       ||    77
       Kick              |     9 |       ||     9
 Fire: Shortbow          |   105 |   171 ||   276
Evoke: Wand              |       |     4 ||     4
  Use: Scroll            |     2 |    11 ||    13
       Potion            |       |     3 ||     3
  Eat: Chunk             |     4 |     2 ||     6
       Ration            |       |     1 ||     1
Armor: Leather armour    |    46 |    35 ||    81
       Skin              |       |    13 ||    13
       Gold dragon scale |       |     6 ||     6
Dodge: Dodged            |    61 |    31 ||    92
